 Seeded DCSS version 0.30.1-6-gbe392663c4 (webtiles) character file.

Game seed: 15265865335305158418 (custom seed)

1 Psyclone the Grasshopper (level 1, 14/14 HPs)
             Began as an Octopode Warper on Sept 21, 2023.
             Quit the game on level 4 of the Dungeon.
             The game lasted 00:00:32 (96 turns).

Psyclone the Grasshopper (Octopode Warper)            Turns: 96, Time: 00:00:33

Health: 14/14      AC:  1    Str: 10    XL:     1   Next: 20%
Magic:  3/3        EV: 13    Int: 15    God:
Gold:   58         SH:  0    Dex: 11    Spells: 4/4 levels left

rFire   . . .        a - +0 short sword
rCold   . . .        (no shield)
rNeg    . . .        (helmet restricted)
rPois   .            (no amulet)
rElec   .            (no ring)
rCorr   .            (no ring)
SInv    .            (no ring)
Will    .....        (no ring)
Stlth   ++           (no ring)
HPRegen 0.22/turn    (no ring)
MPRegen 0.08/turn    (no ring)
                     (no ring)

%: no passive effects
@: no status effects
A: almost no armour, amphibious, 8 rings, camouflage 1, gelatinous body 1,
(nimble swimmer 1), tentacles
a: no special abilities


You were on level 4 of the Dungeon.
You visited 1 branch of the dungeon, and saw 3 of its levels.

You collected 58 gold pieces.

Inventory:

Hand Weapons
 a - a +0 short sword (weapon)
Missiles
 c - 7 boomerangs of dispersal (quivered)
Scrolls
 b - 2 scrolls of blinking
 f - a scroll of acquirement {unknown}
Potions
 d - a potion of curing {unknown}
 e - a potion of berserk rage {unknown}
 g - a potion of brilliance {unknown}


   Skills:
 - Level 2.0 Fighting
 - Level 2.0 Short Blades
 - Level 1.0 Throwing
 + Level 2.4 Dodging
 - Level 2.0 Spellcasting
 - Level 3.0 Translocations


You had 4 spell levels left.
You didn't know any spells.
Your spell library contained the following spells:

 Spells                   Type           Power      Damage    Failure   Level
 Blink                    Tloc           20%        N/A       10%         2
 Lesser Beckoning         Tloc           20%        N/A       10%         2
 Teleport Other           Tloc           10%        N/A       19%         3
 Vhi's Electric Charge    Tloc/Air       12%        N/A       34%         3
 Manifold Assault         Tloc           10%        N/A       54%         4


Dungeon Overview and Level Annotations

Branches:
Dungeon (2/15) Zot: 17904

Altars:


Innate Abilities, Weirdness & Mutations

You cannot wear most types of armour.
You are amphibious.
You can wear up to eight rings at the same time.
Your skin changes colour to match your surroundings (Stealth+).
Your rubbery body absorbs attacks. (AC +1, EV +1)
((You are camouflaged when in or above water. (Stealth+)))
You have tentacles for arms and can constrict up to eight enemies at once.


Message History

Found a leather armour.
A ball python comes into view.
Found a smoky emerald potion.
The ball python hisses angrily.
You barely miss the ball python. You grab the ball python.
You constrict the ball python. The ball python bites you.
The ball python completely misses you.
You take 3 damage, and have 11/14 hp.
MASSIVE DAMAGE!!
You hit the ball python. You squeeze the ball python.
You kill the ball python!
You see here a ball python corpse.
f - a scroll labelled UNGAEN QOERRUSS
Found a whip.
g - a smoky emerald potion Health restored: 14
Found a stone staircase leading down.
Found 5 stones.
There is a stone staircase leading down here.
You climb downwards.
There is a stone staircase leading up here.
Found a mace.
You see here a +0 mace.
Found a stone staircase leading down.
Found 4 gold pieces.
There is a stone staircase leading down here.
Found a purple potion.
A sourceless malevolence fills the Dungeon...
You fall into a shaft and drop 2 floors!
The shaft crumbles and collapses.
You hear the sound of rushing water.
There is an entrance to a sewer on this level.
Hurry and find it before the portal rusts away!
Found 10 gold pieces.
Found 16 gold pieces.
Found a stone staircase leading up.
You now have 27 gold pieces (gained 10).
Found 15 gold pieces.
You now have 43 gold pieces (gained 16).
Found a scroll labelled UNUVOA EFYKY.
You now have 58 gold pieces (gained 15).
Are you sure you want to abandon this character and quit the game? (Confirm with "yes".)

#..#.##.##....
#..#...<...####
#..##..........
##..#...........
................
................
.#..###.........
#..###.#.##....
#. #@.#.......
........#####...#
#.....### ...
##.... # #?..
#... #.. #..


There were no monsters in sight!

Vanquished Creatures
  A ball python (D:1)
1 creature vanquished.

Notes
Turn   | Place    | Note
-------+----------+-------------------------------------------
     0 | D:1      | Psyclone the Octopode Warper began the quest for the Orb.
     0 | D:1      | Reached XP level 1. HP: 14/14 MP: 3/3
    81 | D:2      | You fall into a shaft and drop 2 floors!
    96 | D:4      | Quit the game

Illustrated notes

Levels and vault maps discovered:
D:1:      minmay_arrival_four_loops, layout_basic, chequers_serial_rivers_marsh,
          minivault_4
D:2:      layout_basic
D:4:      layout_rooms, zin_angel, lightli_sewer_entry_pipes, hex_medium,
          minmay_fractal_squares_gapless_5

Action                     || total
---------------------------++-------
  Melee: Short sword       ||     2
         Constrict         ||     1
         Tentacles         ||     1
  Dodge: Dodged            ||     1
